 Dungeon Crawl Stone Soup version 0.21-a0-225-g207ae17 (webtiles) character file.

56875 Moloch the Impaler (level 14, -13/118 HPs)
             Began as a Mummy Fighter on Aug 29, 2017.
             Was the Champion of Cheibriados.
             Mangled by a stone giant (30 damage)
             ... on level 1 of the Orcish Mines.
             The game lasted 01:04:40 (29167 turns).

Moloch the Impaler (Mummy Fighter)                 Turns: 29167, Time: 01:04:41

Health: -13/118    AC: 21    Str: 35    XL:     14   Next: 43%
Magic:  19/19      EV: 10    Int: 23    God:    Cheibriados [******]
Gold:   1941       SH: 12    Dex: 30    Spells: 13/13 levels left

rFire    . . .     SeeInvis .   z - +1 trident
rCold    + . .     Gourm    .   c - +0 shield
rNeg     + + +     Faith    .   d - +7 plate armour {ponderous}
rPois    ∞         Spirit   .   m - +0 helmet
rElec    .         Reflect  .   (no cloak)
rCorr    .         Harm     .   E - +0 pair of gloves
MR       +....                  r - +0 pair of boots
Stlth    ..........             (no amulet)
HPRegen  0.29/turn              a - +5 ring of evasion
MPRegen  0.16/turn              u - ring of protection from fire

@: studying Shields, very slow
A: no food or potions, fire vulnerability, cold resistance 1, negative energy
resistance 3, torment resistance, unbreathing, in touch with death 1
a: Bend Time, Temporal Distortion, Slouch, Step From Time, Renounce Religion


You were on level 1 of the Orcish Mines.
You worshipped Cheibriados.
Cheibriados was exalted by your worship.
You were not hungry.

You visited 4 branches of the dungeon, and saw 21 of its levels.
You also visited: Labyrinth and Bailey.

You collected 1941 gold pieces.

Inventory:

Hand Weapons
 p - a +2 antimagic lajatang
 z - a +1 trident (weapon)
 D - a +0 glaive of chopping
Missiles
 U - a throwing net (quivered)
Armour
 c - a +0 shield (worn)
 d - a +7 plate armour of ponderousness (worn)
 j - the +3 salamander hide armour {+Rage rF++}
   (You took it off a minotaur in a labyrinth)

   It greatly protects you from fire.
   It lets you go berserk.
 m - a +0 helmet (worn)
 q - a +0 crystal plate armour
 r - a +0 pair of boots (worn)
 E - a +0 pair of gloves (worn)
Jewellery
 a - a +5 ring of evasion (left hand)
 b - an uncursed ring of protection from magic
 i - an uncursed ring of resist corrosion
 s - an uncursed ring of ice
 u - a ring of protection from fire (right hand)
 M - an uncursed ring of see invisible
 S - an uncursed ring of fire
 V - an uncursed ring of fire
Wands
 H - a wand of lightning (0/15)
 J - a wand of lightning (0/15)
 K - a wand of acid (0/15)
 L - a wand of digging (14/24)
 N - a wand of clouds (1/9)
 Q - a wand of iceblast (0/15)
Scrolls
 e - 3 scrolls of vulnerability
 f - 5 scrolls of amnesia
 g - 4 scrolls of fear
 h - 8 scrolls of teleportation
 l - 4 scrolls of recharging
 n - 4 scrolls of enchant armour
 o - 3 scrolls of blinking
 t - 2 scrolls of holy word {unknown}
 w - a scroll of acquirement
 x - 2 scrolls of immolation
 A - 5 scrolls of remove curse
 C - 3 scrolls of summoning {unknown}
 F - 3 scrolls of enchant weapon {unknown}
 I - a scroll of noise {unknown}
 O - 2 scrolls of magic mapping
 R - a scroll of random uselessness {unknown}
Books
 k - a manual of Shields
 y - a book of Enchantments

   Spells                             Type                      Level
   a - Cause Fear                     Hexes                        4
   b - Yara's Violent Unravelling     Hexes/Transmutation          5
   c - Silence                        Hexes/Air                    5
   d - Deflect Missiles               Charms/Air                   6
   e - Discord                        Hexes                        8
Miscellaneous
 v - a lamp of fire
 G - a fan of gales


   Skills:
 + Level 13.6 Fighting
 * Level 15.6 Polearms
 * Level 2.5 Armour
 * Level 0.1 Dodging
 - Level 2.4 Shields
 - Level 6.7 Invocations
 - Level 5.6 Evocations


You had 13 spell levels left.
You didn't know any spells.

Dungeon Overview and Level Annotations

Branches:
Dungeon (12/15)            Temple (1/1) D:6            Lair (6/6) D:10
  Swamp (0/4) Lair:2        Snake (0/4) Lair:3        Slime (0/5) Lair:6
    Orc (2/2) D:12
    Elf: Orc:2

Altars:
Ashenzari
Cheibriados
Dithmenos
Elyvilon
Fedhas
Gozag
Nemelex Xobeh
Qazlal
Ru
Trog
Uskayaw
Vehumet
Wu Jian
Zin

Annotations:
D:6 Gorglomux's ghost, novice TeMo
Lair:4 Harold


Innate Abilities, Weirdness & Mutations

You do not eat or drink.
Your flesh is vulnerable to fire.
You are immune to poison.
Your flesh is cold resistant. (rC+)
You are immune to negative energy. (rN+++)
You are immune to unholy pain and torment.
You can survive without breathing.
You are in touch with the powers of death.


Message History

You impale the stone giant!!
The stone giant is heavily wounded.
The stone giant hits you!!
You are too injured to fight recklessly!
You are too injured to fight recklessly!
You completely miss the stone giant.
The stone giant is heavily wounded.
You puncture the stone giant!
The stone giant is severely wounded.
The stone giant hits you.
You hit the stone giant.
The stone giant is severely wounded.
The stone giant hits you!!
* * * LOW HITPOINT WARNING * * *
You hit the stone giant.
The stone giant is severely wounded.
You completely miss the stone giant.
The stone giant is severely wounded.
The stone giant hits you!!
You die...

.... .##.....
....#.......
....#.....
..#.....### .
#........# ##
...##.......###
##.
........$......
#.. .......@.#
###..
..#.##.C#......
##.... #.###
..... #..... ##
#... ###.....
.# #.##).#. .
#.....##
##...###
###..###
##.#...#.


You could see a stone giant.

Vanquished Creatures
  An orc warlord (Orc:1)
  Azrael (D:12)
  A minotaur (Lab)
  Erolcha (D:12)
  3 hydras
  5 two-headed ogres
  An anaconda (Lair:6)
  3 death yaks (Lair:3)
  Nergalle (Lair:3)
  The ghost of melvinkitnick the Impaler, a novice MfFi of the Shining One (D:7)
  An unseen horror (D:12)
  An orc sorcerer (Orc:2)
  A cyclops (D:12)
  4 elephants
  6 black mambas
  2 torpor snails
  13 spiny frogs
  2 rime drakes (Lair:6)
  7 komodo dragons
  A freezing wraith (D:10)
  5 polar bears (Lair:6)
  3 trolls
  6 hornets (Lair:6)
  4 dream sheep (Lair:4)
  4 blink frogs (Lair:6)
  12 hippogriffs
  A wraith (D:12)
  15 spriggans (Lair:6)
  2 fire elementals (D:12)
  2 wyverns
  3 basilisks
  A steam dragon (Lair:1)
  38 yaks
  2 vampire mosquitoes (D:11)
  The ghost of Goblin1989 the Insei, an amateur DsTm (D:3)
  4 wargs
  An acid dragon (D:12)
  A soldier ant (D:6)
  11 water moccasins
  A floating eye (D:10)
  2 hell hounds (D:12)
  9 porcupines
  23 orc warriors
  3 ice beasts
  2 sky beasts
  7 black bears
  An eye of draining (D:12)
  7 ogres
  30 wolves
  15 centaurs
  3 boggarts (Lair:6)
  17 crocodiles
  2 big kobolds
  11 bullfrogs
  A wyvern zombie (D:7)
  A water moccasin zombie (D:6)
  4 scorpions
  15 killer bees
  4 wights (D:7)
  An electric eel (Lair:6)
  5 howler monkeys
  17 jellies
  3 bullfrog zombies
  A centaur zombie (D:11)
  5 crimson imps
  3 bullfrog skeletons
  9 orc priests
  6 hounds
  2 centaur skeletons (D:7)
  Jessica (D:2)
  10 orc wizards
  2 iguanas
  15 worker ants
  A hound zombie (D:6)
  4 worker ant zombies
  18 adders
  2 shadow imps
  An ooze (Lair:6)
  2 adder skeletons
  An adder zombie (D:5)
  4 worms
  2 dart slugs
  6 leopard geckos
  84 orcs
  12 bats
  6 giant cockroaches
  12 goblins
  8 hobgoblins
  18 jackals
  23 kobolds
  2 quokkas
  4 ball pythons
  2 frilled lizards
  A quokka zombie (D:6)
  4 rats
627 creatures vanquished.

Vanquished Creatures (others)
  20 fungi
  9 plants
29 creatures vanquished.

Grand Total: 656 creatures vanquished

Notes
Turn   | Place    | Note
-------+----------+-------------------------------------------
     0 | D:1      | Moloch the Mummy Fighter began the quest for the Orb.
     0 | D:1      | Reached XP level 1. HP: 18/18 MP: 1/1
   288 | D:1      | Reached XP level 2. HP: 24/24 MP: 2/2
   859 | D:2      | Noticed Jessica
   870 | D:2      | Killed Jessica
   870 | D:2      | Reached XP level 3. HP: 23/31 MP: 3/3
   888 | D:2      | Reached skill level 2 in Polearms
  1095 | D:2      | Reached XP level 4. HP: 38/38 MP: 4/4
  1686 | D:3      | Reached skill level 3 in Polearms
  1686 | D:3      | Reached XP level 5. HP: 39/43 MP: 5/5
  1720 | D:3      | Noticed Goblin1989's ghost (amateur DsTm)
  1916 | D:3      | Killed Goblin1989's ghost
  1916 | D:3      | Reached skill level 5 in Fighting
  1916 | D:3      | Reached skill level 4 in Polearms
  1916 | D:3      | Reached XP level 6. HP: 37/51 MP: 6/6
  1927 | D:3      | Found a stormy altar of Qazlal.
  2255 | D:3      | Found an opulent altar of Gozag.
  2746 | D:4      | Found a radiant altar of Vehumet.
  2996 | D:5      | Entered Level 5 of the Dungeon
  3102 | D:5      | Reached skill level 5 in Polearms
  3102 | D:5      | Reached XP level 7. HP: 45/56 MP: 7/7
  3565 | D:5      | Found a hide-covered altar of Uskayaw.
  3940 | D:6      | Reached skill level 6 in Polearms
  3957 | D:6      | Found a staircase to the Ecumenical Temple.
  3971 | Temple   | Entered the Ecumenical Temple
  3978 | Temple   | Became a worshipper of Ru the Awakened
  4147 | D:6      | Found a runed door.
  4159 | D:6      | Found a runed door.
  4369 | D:6      | Reached XP level 8. HP: 53/64 MP: 8/8
  4707 | D:6      | Noticed Gorglomux's ghost (novice TeMo)
  4756 | D:7      | Reached skill level 7 in Polearms
  4756 | D:7      | Reached skill level 1 in Evocations
  5390 | D:6      | Found a snail-covered altar of Cheibriados.
  5943 | D:7      | Noticed melvinkitnick's ghost (novice MfFi)
  6708 | D:6      | Reached skill level 8 in Polearms
  6971 | D:7      | Reached XP level 9. HP: 71/71 MP: 10/10
  7142 | D:7      | Killed melvinkitnick's ghost
  7319 | D:7      | Found a sparkling altar of Nemelex Xobeh.
  7339 | D:7      | Reached skill level 9 in Polearms
  8189 | D:8      | Found a white marble altar of Elyvilon.
  8746 | D:9      | Identified a scroll of acquirement
  8767 | D:9      | Found a flagged portal.
  8793 | Bailey   | Entered a bailey
  8806 | Bailey   | Noticed a rime drake
  8806 | Bailey   | a tengu changed into a rime drake
  8807 | Bailey   | a rime drake changed into a wyvern
  9461 | Bailey   | HP: 3/74 [orc warrior/spear (9)]
  9463 | Bailey   | Reached XP level 10. HP: 3/80 MP: 12/12
 10231 | Bailey   | Reached skill level 10 in Polearms
 12326 | D:9      | Found a glowing silver altar of Zin.
 12588 | D:10     | Entered Level 10 of the Dungeon
 12651 | D:10     | Noticed a two-headed ogre
 12662 | D:10     | Killed a two-headed ogre
 12899 | D:10     | Noticed an elephant
 12913 | D:10     | Reached skill level 5 in Evocations
 12922 | D:10     | Reached skill level 11 in Polearms
 12953 | D:10     | Found a staircase to the Lair.
 13061 | D:10     | Killed an elephant
 13061 | D:10     | Reached XP level 11. HP: 71/89 MP: 14/14
 13202 | D:10     | Noticed Psyche
 13203 | D:10     | Noticed Psyche
 13203 | D:10     | Psyche changed into Psyche the wolf
 13211 | D:10     | Killed Psyche the wolf
 13225 | D:10     | Noticed a two-headed ogre
 13238 | D:10     | Killed a two-headed ogre
 13817 | D:10     | Noticed Fannar
 13879 | D:10     | Noticed Fannar
 13879 | D:10     | Fannar changed into Fannar the floating eye
 13881 | D:10     | Killed Fannar the floating eye
 14664 | D:11     | Noticed a two-headed ogre
 14702 | D:10     | Killed a two-headed ogre
 14702 | D:10     | Reached skill level 10 in Fighting
 15256 | D:6      | Fell from the grace of Ru
 15256 | D:6      | Became a worshipper of Cheibriados the Contemplative
 15381 | Lair:1   | Entered Level 1 of the Lair of Beasts
 15703 | Lair:1   | Reached skill level 1 in Invocations
 15822 | Lair:1   | Reached skill level 12 in Polearms
 16234 | Lair:1   | Reached * piety under Cheibriados
 16408 | Lair:2   | Got an ichor-stained whip
 16409 | Lair:2   | Identified the +9 whip "Domp" {chaos, MP+9} (You found it on level 2 of the Lair of Beasts)
 17025 | Lair:2   | Reached XP level 12. HP: 67/99 MP: 16/16
 17168 | Lair:2   | Found a staircase to the Swamp.
 17266 | Lair:2   | Reached ** piety under Cheibriados
 18285 | Lair:3   | Noticed Nergalle
 18305 | Lair:3   | Killed Nergalle
 18602 | Lair:3   | Reached skill level 13 in Polearms
 18855 | Lair:3   | Found a staircase to the Snake Pit.
 18875 | Lair:3   | Noticed a death yak
 18875 | Lair:3   | Noticed a death yak
 18876 | Lair:3   | Noticed a death yak
 18883 | Lair:3   | Killed a death yak
 18886 | Lair:3   | Killed a death yak
 18891 | Lair:3   | Killed a death yak
 19048 | Lair:3   | Reached *** piety under Cheibriados
 20244 | Lair:4   | Noticed Harold
 20905 | Lair:4   | Gained mutation: You are in touch with the powers of death. [Mummy growth]
 20905 | Lair:4   | Reached XP level 13. HP: 90/107 MP: 17/17
 20933 | Lair:5   | Found a labyrinth entrance.
 20942 | Lab      | Entered a labyrinth
 21122 | Lab      | Noticed a minotaur
 21136 | Lab      | Killed a minotaur
 21136 | Lab      | Reached skill level 5 in Invocations
 21259 | Lab      | Got a distressingly furry ring mail
 21270 | Lab      | Identified the +6 ring mail "Anlo" {+Fly rN+ SInv} (You found it in a labyrinth)
 21501 | Lair:5   | Reached **** piety under Cheibriados
 22680 | Lair:6   | Entered Level 6 of the Lair of Beasts
 22717 | Lair:6   | Reached skill level 14 in Polearms
 23604 | Lair:6   | Found a staircase to the Slime Pits.
 24005 | Lair:6   | Reached ***** piety under Cheibriados
 24660 | Lair:6   | Reached skill level 15 in Polearms
 25182 | Lair:6   | Reached XP level 14. HP: 100/118 MP: 18/18
 25995 | D:11     | Reached ****** piety under Cheibriados
 26742 | D:12     | Noticed Azrael
 26787 | D:12     | Killed Azrael
 27110 | D:12     | Noticed Erolcha
 27117 | D:12     | Killed Erolcha
 27200 | D:12     | Found a staircase to the Orcish Mines.
 27921 | Orc:1    | Entered Level 1 of the Orcish Mines
 28246 | Orc:1    | Noticed an orc warlord
 28268 | Orc:1    | Killed an orc warlord
 28567 | Orc:2    | Entered Level 2 of the Orcish Mines
 28610 | Orc:1    | Noticed a stone giant
 29167 | Orc:1    | Mangled by a stone giant

Vault maps used:
D:1:      lightli_arrival_flooded_house, corexii_corridor_pit
D:2:      uniq_jessica
D:3:      grunt_qazlal_sundering, serial_park_tiny_2,
          nicolae_gozag_cash_rules_everything_around_me
D:4:      corexii_shack_village, lemuel_round_altar
D:5:      kennysheep_mini_moat, first_bread, palyth_stone_intersect,
          serial_bayou_pond_b
D:6:      lemuel_insect_pit, minmay_temple_entry_overgrown,
          kennysheep_slug_shrine
D:7:      lemuel_round_altar
D:8:      lemuel_crystal_altar
D:9:      zin_scriptorium, enter_bailey_3
D:10:     david_lair_generic, uniq_fannar, uniq_psyche
D:12:     orc_0_dummy, grunt_ogre_cave, uniq_erolcha, uniq_azrael
Temple:   eino_temple_rhombus
Lair:2:   swamp_mist
Lair:3:   dummy_snake_entry, uniq_nergalle
Lair:4:   uniq_harold
Lair:5:   lab_entry_generic, grunt_megastairs_3, infiniplex_staircase_pool
Lair:6:   minmay_lair_end_enchanted_forest, minmay_slime_entry_jelly_boxes,
          serial_bayou_shore_a
Orc:2:    st_orc_mages, serial_shops, shop
Lab:      labyrinth_watery
Bailey:   bailey_polearm_flooded_kennysheep, bailey

Skill      XL: |  1  2  3  4  5  6  7  8  9 10 11 12 13 |
---------------+----------------------------------------+-----
Fighting       | 4 5 6 8 9 10 11 13 | 13.6
Polearms       | 2 3 4 5 6 8 9 11 12 13 15 | 15.6
Evocations     | 2 3 5 |  5.6
Invocations    | 2 4 6 |  6.7
Armour         | |  2.5
Dodging        | |  0.1
Shields        | |  2.4

Action                   |  1- 3 |  4- 6 |  7- 9 | 10-12 | 13-15 || total
-------------------------+-------+-------+-------+-------+-------++-------
Melee: Trident           |     8 |       |   320 |  1435 |  1095 ||  2858
       Spear             |    67 |   280 |   503 |       |       ||   850
Invok: Reject Sacrifices |       |       |     1 |       |       ||     1
       Slouch            |       |       |       |       |     2 ||     2
Evoke: Wand              |       |       |    27 |    36 |    30 ||    93
       Lamp of fire      |       |       |       |     2 |     1 ||     3
       Sack of spiders   |       |       |       |       |     1 ||     1
  Use: Scroll            |       |       |    14 |     4 |     4 ||    22
 Stab: Confused          |       |       |     2 |       |       ||     2
       Distracted        |       |       |       |       |     1 ||     1
Armor: Scale mail        |    20 |    61 |    88 |       |       ||   169
       Plate armour      |       |       |   160 |    30 |    17 ||   207
       Crystal plate arm |       |       |       |   587 |   428 ||  1015
Dodge: Dodged            |    15 |    53 |   135 |   203 |   226 ||   632
Block: Shield            |    18 |    89 |   265 |   522 |   422 ||  1316

Table legend:
 A = Spawn XP
 B = Non-spawn XP
 C = Spawn XP percentage of total XP
 D = Spawn monster count
 E = Non-spawn monster count
 F = Spawn count percentage of total count
 G = Total turns spent on level
                    A         B        C        D         E        F      G
               +---------+---------+-------+---------+---------+-------+---------
         Total |   13360 |   67890 |  16.4 |     105 |     522 |  16.7 | 29167
               +---------+---------+-------+---------+---------+-------+---------
           D:1 |       7 |      23 |  23.3 |       3 |      12 |  20.0 |   820
           D:2 |       1 |     112 |   0.9 |       1 |      19 |   5.0 |   836
           D:3 |       1 |     326 |   0.3 |       1 |      23 |   4.2 |   647
           D:4 |       0 |     179 |   0.0 |       0 |      25 |   0.0 |   693
           D:5 |      62 |     339 |  15.5 |       6 |      20 |  23.1 |  1168
           D:6 |     256 |    1016 |  20.1 |       5 |      33 |  13.2 |  2114
           D:7 |      98 |    2080 |   4.5 |       3 |      34 |   8.1 |  1962
           D:8 |       2 |     235 |   0.8 |       1 |       9 |  10.0 |   865
           D:9 |     557 |    1295 |  30.1 |       6 |      32 |  15.8 |  1046
          D:10 |     518 |    4503 |  10.3 |       3 |      18 |  14.3 |  1579
          D:11 |     112 |    1996 |   5.3 |       4 |      30 |  11.8 |  1260
          D:12 |    1465 |    7036 |  17.2 |      29 |      22 |  56.9 |  1861
        Lair:1 |    1569 |    1722 |  47.7 |       5 |      10 |  33.3 |  1065
        Lair:2 |    1096 |    4079 |  21.2 |       7 |      19 |  26.9 |  1658
        Lair:3 |     912 |    7959 |  10.3 |       5 |      21 |  19.2 |  1640
        Lair:4 |    1213 |    4086 |  22.9 |       5 |      21 |  19.2 |  1278
        Lair:5 |     521 |    1961 |  21.0 |       2 |       6 |  25.0 |  1542
        Lair:6 |    4496 |   21338 |  17.4 |      15 |     100 |  13.0 |  2862
         Orc:1 |       0 |    3058 |   0.0 |       0 |      19 |   0.0 |   667
         Orc:2 |     474 |    1143 |  29.3 |       4 |       9 |  30.8 |   579
           Lab |       0 |    1051 |   0.0 |       0 |       1 |   0.0 |   347
        Bailey |       0 |    2353 |   0.0 |       0 |      39 |   0.0 |  2632
               +---------+---------+-------+---------+---------+-------+---------
